Map: Traitor's Exile

Players

PureLegacy - Winner!

  • Race: Terran Terran
  • Spawn Location: 5:00

Arts - Winner!

  • Race: Terran Terran
  • Spawn Location: 6:00

Toetoefoot

  • Race: Protoss Protoss
  • Spawn Location: 9:00

MrBadAss

  • Race: Protoss Protoss
  • Spawn Location: 12:00

VOD

Have the link to the VOD?

Description

Time

  • Played on: Nov. 23, 2018, 5:32 p.m.
  • Length: 3:44
Show
View Real Time Build Order
Export as new Build Order

PureLegacy Terran - Winner!

Build Orders:  

Get SALT Encoding   

  12  0:00  SCV  
  13  0:13  SCV  
  14  0:18  Supply Depot  
  14  0:25  SCV  
  15  0:33  Refinery  
  15  0:39  SCV  
  16  0:45  Barracks  
  16  0:51  SCV  
  17  1:03  Barracks  
  17  1:15  Barracks  
  17  1:20  SCV  
  18  1:33  Reaper  
  19  1:50  Reaper  
  19  1:51  SCV  
  21  2:08  Reaper  
  14  2:25  Reaper  
  15  2:43  Reaper  
  16  2:47  Orbital Command  
  16  2:58  Reaper  
  17  3:11  Supply Depot  
  18  3:27  SCV  
Show
View Real Time Build Order
Export as new Build Order

Arts Terran - Winner!

Build Orders:  

Get SALT Encoding   

  12  0:01  SCV  
  13  0:18  Supply Depot, SCV  
  14  0:30  SCV  
  15  0:40  Refinery  
  15  0:42  Barracks  
  15  0:46  SCV  
  16  0:58  SCV  
  17  1:05  Barracks  
  17  1:17  Barracks  
  17  1:21  SCV  
  18  1:33  SCV  
  18  1:35  Reaper  
  20  1:45  SCV  
  21  1:48  Refinery  
  22  1:54  Reaper  
  22  2:02  Orbital Command  
  22  2:04  Reaper  
  23  2:29  Supply Depot  
  25  2:51  Reaper x2  
  25  2:56  Reaper, SCV  
  27  3:01  Command Center  
  27  3:09  SCV  
  27  3:11  Supply Depot  
Show
View Real Time Build Order
Export as new Build Order

Toetoefoot Protoss 

Build Orders:  

Get SALT Encoding   

  12  0:01  Probe  
  13  0:28  Probe  
  14  0:34  Pylon  
  14  0:42  Probe  
  15  0:54  Gateway, Probe  
  15  0:55  Gateway  
  16  1:08  Gateway  
  16  1:39  Probe  
  16  1:43  Pylon  
  16  1:45  Zealot, Pylon  
  16  1:46  Zealot  
  21  1:47  Probe  
  21  1:54  Cybernetics Core  
  22  2:13  Zealot x2  
  26  2:22  Probe  
  26  2:32  Adept  
  24  2:43  Assimilator  
  24  2:46  Forge  
  24  2:47  Assimilator, Probe  
  21  3:11  Probe  
Show
View Real Time Build Order
Export as new Build Order

MrBadAss Protoss 

Build Orders:  

Get SALT Encoding   

  12  1:25  Probe  
  13  1:35  Probe, Pylon  
  14  1:43  Probe  
  14  1:50  Assimilator  
  14  1:53  Assimilator, Probe  
  15  1:58  Gateway  
  16  2:05  Probe  
  17  2:17  Probe  
  19  2:30  Probe  
  19  2:33  Gateway  
  19  2:35  Gateway  
  19  2:41  Pylon  
  19  2:44  Probe  
  20  2:52  Probe  
  20  2:53  Gateway  
  21  3:01  Forge  
Tags
 
Add a new tag
Caveats
  • Supply blocks, unpowered buildings, or Contaminate may cause inaccurate times.
  • Supply counts are checked every 10 seconds.